AoeStats
← zhengyifan2003

MegaRandom

510628857Analyzed
4v4 RM · 1d ago on Oct 1, 2026· 32m 54s· 8 players
Game mode
Random Map
Map size
Large (8 player)
Population
200
Speed
Normal
Resources
Standard
Victory
Conquest
Starting age
Dark Age
Ending age
Imperial Age
RankedLock teamsTeams togetherTeam positionsShared explorationLock speedFull tech treeHidden civsTurbo modeCheats
Victory
Defeat
🇪🇸 Gurjaras · Spain
1450
+8
🇦🇷 Lithuanians · Argentina
1254
+16
🇨🇱 Maya · Chile
1216
+17
🇪🇸 Britons · Spain
1139
+54
🇬🇧 Britons · United Kingdom
1299
-17
🇺🇸 Magyars · United States
1252
-15
🇨🇦 Saxons · Canada
1250
-15
🇺🇸 Hindustanis · United States
1193
-13
Zangytangy
0:48 Loom
10:51 Feudal Age
11:26 Double-Bit Axe
17:58 Castle Age
16:41 Horse Collar
18:35 Bloodlines
20:24 Scale Barding Armor
21:23 Bow Saw
23:11 Husbandry
23:36 Chain Barding Armor
28:50 Heavy Plow
S.enpaii
0:53 Loom
6:11 Loom
9:06 Feudal Age
10:41 Double-Bit Axe
14:11 Castle Age
14:25 Fletching
23:58 Bow Saw
24:34 Crossbowman
26:20 Bodkin Arrow
33:00 Wheelbarrow
hurlmore
0:35 Loom
11:48 Feudal Age
13:50 Bloodlines
14:39 Forging
14:35 Scale Barding Armor
20:06 Castle Age
20:34 Double-Bit Axe
20:30 Horse Collar
21:16 Gold Mining
20:56 Light Cavalry
22:16 Iron Casting
22:27 Chain Barding Armor
22:41 Husbandry
24:14 Wheelbarrow
23:51 Heavy Plow
24:04 Bow Saw
Zenith_UK
0:37 Loom
10:12 Feudal Age
14:07 Castle Age
12:48 Double-Bit Axe
12:47 Horse Collar
14:35 Fletching
16:05 Bow Saw
21:05 Heavy Plow
23:31 Bodkin Arrow
24:02 Ballistics
24:11 Crossbowman
31:03 Wheelbarrow
LonGhar
8:48 Feudal Age
9:24 Feudal Age
11:51 Double-Bit Axe
16:53 Castle Age
14:59 Fletching
21:54 Crossbowman
30:10 Ballistics
29:47 Bodkin Arrow
33:07 Wheelbarrow
Ponz
0:35 Loom
8:43 Feudal Age
15:25 Castle Age
14:04 Double-Bit Axe
15:13 Fletching
15:31 Crossbowman
17:33 Bodkin Arrow
23:00 Padded Archer Armor
23:54 Ballistics
24:38 Wheelbarrow
25:08 Thumb Ring
27:52 Bow Saw
27:25 Horse Collar
28:33 Hand Cart
28:10 Gold Mining
30:34 Town Watch
34:03 Imperial Age
32:00 Heavy Plow
ReBeL_persi
0:33 Loom
10:56 Feudal Age
11:36 Double-Bit Axe
16:06 Castle Age
14:04 Gold Mining
14:13 Horse Collar
15:48 Scale Barding Armor
19:08 Husbandry
19:19 Bloodlines
23:09 Forging
25:01 Chain Barding Armor
26:07 Iron Casting
30:29 Wheelbarrow
32:03 Bow Saw
zhengyifan2003
0:34 Loom
8:31 Feudal Age
9:01 Double-Bit Axe
11:47 Scale Barding Armor
11:44 Horse Collar
14:26 Wheelbarrow
14:27 Bloodlines
20:14 Castle Age
18:59 Forging
19:33 Gold Mining
21:13 Bow Saw
21:07 Husbandry
20:28 Light Cavalry
21:46 Iron Casting
22:34 Heavy Plow
23:29 Chain Barding Armor
26:05 Hand Cart
27:35 Town Watch
32:13 Imperial Age
31:48 Gold Shaft Mining
32:20 Heavy Camel Rider
33:37 Plate Barding Armor
Connection lost

Rejoining the realm…

Still unreachable

The connection could not be restored.

Session expired

The server has moved on; the page needs a fresh start.